 Dungeon Crawl Stone Soup version 0.30.1-11-g7821555f0a (webtiles) character file.

Game seed: 15375337938537286722

179 Zeor the Shooter (level 5, -2/29 HPs)
             Began as a Deep Elf Hexslinger on Oct 13, 2023.
             Slain by Menkaure (20 damage)
             ... on level 4 of the Dungeon on Oct 27, 2023.
             The game lasted 00:08:17 (2818 turns).

Zeor the Shooter (Deep Elf Hexslinger)              Turns: 2818, Time: 00:08:17

Health: -2/29      AC:  5    Str:  7    XL:     5   Next: 32%
Magic:  3/11       EV: 13    Int: 26    God:
Gold:   171        SH:  0    Dex: 15    Spells: 2/9 levels left

rFire   . . .        a - +1 sling (freeze)
rCold   . . .        (no shield)
rNeg    . . .        c - +0 robe
rPois   .            (no helmet)
rElec   .            (no cloak)
rCorr   .            (no gloves)
SInv    .            d - +2 pair of boots
Will    .....        (no amulet)
Stlth   +            k - +6 ring of intelligence
HPRegen 0.24/turn    (no ring)
MPRegen 0.12/turn

%: no passive effects
@: portalling projectiles
A: no striking features
a: no special abilities


You were on level 4 of the Dungeon.
You visited 1 branch of the dungeon, and saw 4 of its levels.

You collected 171 gold pieces.

Inventory:

Hand Weapons
 a - a +1 sling of freezing (weapon)
 g - a +2 dagger of venom
Armour
 c - a +0 robe (worn)
 d - a +2 pair of boots (worn)
Jewellery
 k - a +6 ring of intelligence (left hand)
Wands
 h - a wand of polymorph (5)
Scrolls
 b - a scroll of poison
 e - 4 scrolls of teleportation
 f - 4 scrolls of identify
 j - 2 scrolls of noise {unknown}
Potions
 i - a potion of heal wounds


   Skills:
 + Level 1.5 Fighting
 + Level 5.4 Ranged Weapons
 + Level 3.5 Dodging
 * Level 2.9 Spellcasting
 * Level 4.5 Hexes


You had 2 spell levels left.
You knew the following spells:

 Your Spells              Type           Power      Damage    Failure   Level
a - Inner Flame           Hex/Fire       15%        N/A       12%         3
p - Portal Projectile     Hex/Tloc       30%        N/A       12%         3
s - Slow                  Hex            100%       N/A       1%          1

Your spell library contained the following spells:

 Spells                   Type           Power      Damage    Failure   Level
 Cause Fear               Hex            13%        N/A       14%         4


Dungeon Overview and Level Annotations

Branches:
Dungeon (4/15)
 Temple: D:4-7

Altars:
Qazlal
The Shining One

Annotations:
D:4 Menkaure


Message History

Menkaure is moderately damaged.
Menkaure mumbles some strange words.
Menkaure seems to speed up.
You shoot a sling bullet. The sling bullet hits Menkaure.
Menkaure is heavily damaged.
No target in view!
You shoot a sling bullet. The sling bullet hits Menkaure.
Menkaure is heavily damaged.
You shoot a sling bullet.
The sling bullet barely misses Menkaure.
Casting: Slow (safe; 1% risk of failure)
Confirm with . or Enter, or press ? or * to list all spells.
Okay, then.
Casting: Slow (safe; 1% risk of failure)
Confirm with . or Enter, or press ? or * to list all spells.
Aiming: Slow (safe; 1% risk of failure)
Press: ? - help, Shift-Dir - straight line, f/p - Menkaure
Aim: Menkaure (heavily damaged, fast, slow, chance to affect: 56%)
Okay, then.
Casting: Slow (safe; 1% risk of failure)
Confirm with . or Enter, or press ? or * to list all spells.
The spell is quite dangerous to miscast (12% risk of failure)!
Continue anyway?
You begin teleporting projectiles to their destination.
You magically shoot a sling bullet.
The sling bullet hits Menkaure but does no damage.
Menkaure is heavily damaged.
You magically shoot a sling bullet.
The sling bullet hits Menkaure.
Menkaure is heavily damaged.
You magically shoot a sling bullet.
The sling bullet barely misses Menkaure.
Menkaure hits you.
You magically shoot a sling bullet.
The sling bullet hits Menkaure but does no damage.
Menkaure is heavily damaged.
Menkaure hits you.
You magically shoot a sling bullet.
The sling bullet hits Menkaure.
Menkaure is severely damaged.
Menkaure hits you!!
Ouch! That really hurt!
You die...

∙▒▒ ▒∙∙ ∙∙▒ ▒∙∙
∙∙▒∙∙ ∙∙∙ ▒∙▒
▒∙▒ ▒▒∙▒▒ ▒>M∙▒
∙▒▒▒▒∙e∙▒▒
∙∙∙∙∙∙∙∙∙∙▒▒
∙∙∙∙∙∙∙∙∙∙∙▒▒
∙∙▒∙∙∙∙∙∙∙∙∙▒▒▒
∙
▒∙∙▒▒∙∙∙∙∙∙∙▒▒▒
▒ ▒∙∙
▒▒▒▒∙∙∙∙∙∙▒▒∙▒▒
▒∙∙
▒▒∙∙∙∙∙∙∙∙∙▒ ∙∙
▒▒(∙∙∙∙∙▒▒▒
▒▒∙∙▒▒▒▒∙▒


You could see Menkaure (fast, slow).

Vanquished Creatures
  An orc priest (D:3)
  Terence (D:2)
  2 adders
  3 worms
  5 dart slugs (D:1)
  9 orcs (D:3)
  4 endoplasms
  5 giant cockroaches
  10 goblins
  5 hobgoblins
  4 jackals
  3 kobolds
  2 quokkas
  6 ball pythons
  6 bats
  3 frilled lizards
  7 rats
76 creatures vanquished.

Notes
Turn   | Place    | Note
-------+----------+-------------------------------------------
     0 | D:1      | Zeor the Deep Elf Hexslinger began the quest for the Orb.
     0 | D:1      | Reached XP level 1. HP: 11/11 MP: 5/5
   113 | D:1      | Reached skill level 3 in Ranged Weapons
   117 | D:1      | Reached XP level 2. HP: 16/16 MP: 6/6
   141 | D:1      | You fall into a shaft and drop 1 floor!
   360 | D:1      | Reached XP level 3. HP: 18/20 MP: 8/8
   447 | D:1      | Learned a level 3 spell: Portal Projectile
   532 | D:1      | Found a faded altar of an unknown god.
   672 | D:1      | Reached skill level 1 in Fighting
   994 | D:2      | Found a stormy altar of Qazlal.
  1116 | D:2      | Reached skill level 4 in Ranged Weapons
  1176 | D:2      | Reached XP level 4. HP: 25/25 MP: 7/9
  1264 | D:2      | Noticed Terence
  1294 | D:2      | Killed Terence
  2134 | D:3      | Learned a level 3 spell: Inner Flame
  2408 | D:3      | Reached XP level 5. HP: 14/29 MP: 9/11
  2514 | D:3      | Found a glowing golden altar of the Shining One.
  2663 | D:3      | Reached skill level 5 in Ranged Weapons
  2774 | D:4      | Upgraded the game from 0.30.1-9-gdf580d7c3d to
                  | 0.30.1-11-g7821555f0a
  2804 | D:4      | Noticed Menkaure
  2818 | D:4      | Slain by Menkaure

Illustrated notes

Levels and vault maps discovered:
D:1:      minmay_arrival_pointy, layout_loops_ring, ebering_ecumenical_altar_box
D:2:      layout_rooms, basic_altar, patterned_corridor, uniq_terence
D:3:      layout_loops_ring, mainiacjoe_overflow_alcove_4
D:4:      layout_layer_cave, nemelex_diamond_rough_becter, minmay_manual_mares,
          uniq_crazy_yiuf_cottage, uniq_menkaure

Skill      XL: |  1  2  3  4  5 |
---------------+----------------+-----
Ranged Weapons | 3 4 5 |  5.4
Dodging        | 3 |  3.5
Spellcasting   | 2 |  2.9
Fighting       | 1 |  1.5
Hexes          | |  4.5

Action                     |  1- 3 |  4- 6 || total
---------------------------+-------+-------++-------
  Melee: Unarmed           |       |     9 ||     9
   Fire: Sling             |   142 |   133 ||   275
   Cast: Slow              |    11 |     4 ||    15
         Portal Projectile |       |     1 ||     1
    Use: Scroll            |     6 |     6 ||    12
         Potion            |       |     1 ||     1
 Armour: Robe              |     7 |    13 ||    20
  Dodge: Dodged            |    45 |    44 ||    89
